 Dungeon Crawl Stone Soup version 0.30-a0-632-g346586fe48 (webtiles) character file.

Game seed: 1244157038060189947

97 Newt the Trooper (level 4, 0/35 HPs)
             Began as a Demonspawn Gladiator on Jan 14, 2023.
             Slain by a gnoll
             ... wielding a +0 halberd
              (4 damage)
             ... on level 2 of the Dungeon.
             The game lasted 00:01:26 (1092 turns).

Newt the Trooper (Demonspawn Gladiator)             Turns: 1092, Time: 00:01:27

Health: 0/35       AC:  9    Str: 16    XL:     4   Next: 42%
Magic:  4/4        EV: 12    Int: 10    God:
Gold:   72         SH:  0    Dex: 14    Spells: 3/3 levels left

rFire   . . .      SeeInvis .    g - +1 dagger (speed)
rCold   . . .      Faith    .    (no shield)
rNeg    . . .      Spirit   .    b - +0 leather armour
rPois   .          Reflect  .    (helmet restricted)
rElec   .          Harm     .    (no cloak)
rCorr   .          Rampage  .    (no gloves)
Will    .....                    (no boots)
Stlth   ++                       (no amulet)
HPRegen 0.25/turn                (no ring)
MPRegen 0.18/turn                (no ring)

@: sanguine armoured
A: horns 1, magic regeneration, sanguine armour 1
a: no special abilities


You were on level 2 of the Dungeon.
You visited 1 branch of the dungeon, and saw 2 of its levels.

You collected 72 gold pieces.

Inventory:

Hand Weapons
 a - a +0 rapier
 g - a +1 dagger of speed (weapon)
Missiles
 d - a throwing net (quivered)
 e - a javelin
 j - 3 datura-tipped darts
Armour
 b - a +0 leather armour (worn)
 c - a +0 helmet
Jewellery
 k - a ring of magical power
Scrolls
 m - a scroll of identify
Potions
 f - a potion of heal wounds
 h - 2 potions of curing {unknown}
 i - a potion of mutation {unknown}
 l - a potion of brilliance {unknown}


   Skills:
 + Level 3.4 Fighting
 - Level 2.6 Short Blades
 - Level 1.7 Throwing
 - Level 2.6 Dodging
 - Level 3.0 Stealth


You had 3 spell levels left.
You didn't know any spells.
Your spell library was empty.

Dungeon Overview and Level Annotations

Branches:
Dungeon (2/15)

Altars:


Innate Abilities, Weirdness & Mutations

You have a pair of small horns on your head.
You regenerate magic rapidly.
When seriously injured, your blood forms armour. (AC +6)


Message History

The gnoll flies into a frenzy!
The gnoll hits the gnoll from afar with a +0 halberd!
The gnoll hits the gnoll with a +0 halberd!
The gnoll dies!
The gnoll barely misses you. The gnoll closely misses you.
The gnoll misses you. The gnoll hits you with a +0 halberd!!
Ouch! That really hurt!
Your blood congeals into armour.
Things that are here:
a +0 club; a gnoll corpse You hit the gnoll but do no damage.
You hit the gnoll. You headbutt the gnoll. You punch the gnoll.
The gnoll is severely wounded.
The gnoll barely misses you. The gnoll hits you with a +0 club.
* * * LOW HITPOINT WARNING * * *
You barely miss the gnoll.
The gnoll is severely wounded.
The gnoll barely misses you.
You hit the gnoll.
The gnoll is almost dead.
The gnoll hits you with a +0 club.
* * * LOW HITPOINT WARNING * * *
The gnoll barely misses you.
You hit the gnoll.
You kill the gnoll!
The gnoll barely misses you.
Throw: 3 throwing nets
Press: ? - help, Q - select action, (/) - cycle Shift-Dir - straight line, f/p - gnoll
Aim: a gnoll, wielding a +0 halberd (fast, strong, frenzied and insane, 63% to hit)
You throw a throwing net.
The throwing net closely misses the gnoll.
The gnoll closely misses you.
Throw: 2 throwing nets
Press: ? - help, Q - select action, (/) - cycle Shift-Dir - straight line, f/p - gnoll
Aim: a gnoll, wielding a +0 halberd (fast, strong, frenzied and insane, 63% to hit)
You throw a throwing net.
The throwing net barely misses the gnoll.
The gnoll hits you with a +0 halberd.
You die...

...........####)......#####
...................)......#
.........#.............##.#
....####.#.............##.#
.. #.#................#
#.#.............#..#
####.#.............# ..
#..............$...# #
####.#g@...........#
.......)...........#
.###.................
#................##
#................#
#.......(.........
....######## ####.


You could see a neutral gnoll (fast, strong, insane).

Vanquished Creatures
  Terence (D:2)
  An adder (D:2)
  2 gnolls (D:2)
  2 dart slugs
  A ball python (D:1)
  3 bats (D:1)
  2 endoplasms
  2 giant cockroaches (D:1)
  3 goblins
  5 hobgoblins
  2 frilled lizards (D:1)
  3 kobolds (D:1)
  3 rats (D:1)
30 creatures vanquished.

Vanquished Creatures (collateral kills)
  A gnoll (D:2)
1 creature vanquished.

Grand Total: 31 creatures vanquished

Notes
Turn   | Place    | Note
-------+----------+-------------------------------------------
     0 | D:1      | Newt the Demonspawn Gladiator began the quest for the Orb.
     0 | D:1      | Reached XP level 1. HP: 16/16 MP: 1/1
    72 | D:1      | Reached skill level 1 in Stealth
   250 | D:1      | Gained mutation: You have a pair of small horns on your
                  | head. [demonic ancestry]
   250 | D:1      | Reached XP level 2. HP: 12/22 MP: 2/2
   920 | D:2      | Gained mutation: You regenerate magic rapidly. [demonic
                  | ancestry]
   920 | D:2      | Reached XP level 3. HP: 18/27 MP: 3/3
   939 | D:2      | Noticed Terence
   972 | D:2      | Killed Terence
   973 | D:2      | Gained mutation: When seriously injured, your blood forms
                  | armour. (AC +6) [demonic ancestry]
   973 | D:2      | Reached XP level 4. HP: 17/34 MP: 4/4
  1092 | D:2      | Slain by a gnoll

Illustrated notes

Levels and vault maps discovered:
D:1:      dpeg_arrival_three_same_balls, layout_loops_ring, dk_noncrumbling_4
D:2:      layout_basic, basic_altar, uniq_crazy_yiuf_cottage, uniq_robin,
          uniq_terence

Skill      XL: |  1  2  3  4 |
---------------+-------------+-----
Stealth        | 1 2 3 |  3.0
Fighting       | 3 |  3.4
Short Blades   | |  2.6
Throwing       | |  1.7
Dodging        | |  2.6

Action                   |  1- 3 |  4- 6 || total
-------------------------+-------+-------++-------
Melee: Rapier            |    33 |       ||    33
       Dagger            |    75 |    10 ||    85
       Headbutt          |    18 |     3 ||    21
       Punch             |       |     1 ||     1
Throw: Dart              |       |     2 ||     2
       Throwing net      |       |     2 ||     2
  Use: Scroll            |     1 |       ||     1
Armor: Leather armour    |    21 |       ||    21
Dodge: Dodged            |    55 |    11 ||    66

Table legend: (Time is in decaauts)
 A = Elapsed time spent in this place.
 B = Non-inter-level travel time spent in this place.
 C = Inter-level travel time spent in this place.
 D = Time resting spent in this place.
 E = Time spent auto-exploring this place.
 F = Levels seen in this place.
 G = Mean time per level.
                   A        B        C        D        E       F      G
               +--------+--------+--------+--------+--------+-----+--------+
         Total |   1052 |   1010 |     42 |     23 |    778 |   2 |  526.0 |
       Dungeon |   1052 |   1010 |     42 |     23 |    778 |   2 |  526.0 |
               +--------+--------+--------+--------+--------+-----+--------+

Top non-repeatable levels by time:
     D:1: 889 daAuts
     D:2: 163 daAuts
